 Dungeon Crawl Stone Soup version 0.24-a0-57-gac335f2 (webtiles) character file.

Game seed: 10602175286043300197

15822 galech the Cleaver (level 12, -3/95 HPs)
             Began as a Demonspawn Fighter on Feb 4, 2019.
             Was a High Priest of Okawaru.
             Slain by Snorg (9 damage)
             ... on level 12 of the Dungeon.
             The game lasted 00:19:48 (11973 turns).

galech the Cleaver (Demonspawn Fighter)            Turns: 11973, Time: 00:19:48

Health: -3/95      AC: 35    Str: 25    XL:     12   Next: 4%
Magic:  0/12       EV:  9    Int: 10    God:    Okawaru [*****.]
Gold:   891        SH: 14    Dex: 17    Spells: 11/11 levels left

rFire    + + .     SeeInvis .   H - +5 war axe (chop)
rCold    + + .     Gourm    .   c - +0 shield
rNeg     . . .     Faith    .   O - +9 gold dragon scales
rPois    +         Spirit   +   (helmet restricted)
rElec    +         Reflect  .   r - scarf {rC+ rF+}
rCorr    .         Harm     .   M - +0 pair of gloves of the Onion {rElec Str+8 Stlth-}
MR       .....                  (no boots)
Stlth    ..........             g - amulet of the acrobat
HPRegen  0.25/turn              I - ring of poison resistance
MPRegen  0.26/turn              (no ring)

@: heroism
A: antennae 2, iridescent scales 3, spiny 1, magic shield, magic regeneration
a: Heroism, Finesse, Renounce Religion


You were on level 12 of the Dungeon.
You worshipped Okawaru.
Okawaru was extremely pleased with you.
You were not hungry.

You visited 2 branches of the dungeon, and saw 13 of its levels.
You also visited: Sewer and Bailey.

You collected 891 gold pieces.

Inventory:

Hand Weapons
 a - a +0 war axe
 H - a +5 war axe of chopping (weapon)
Armour
 c - a +0 shield (worn)
 k - a +0 pair of gloves
 n - a +0 plate armour
 r - a scarf of resistance (worn)
 C - a +0 robe of fire resistance
 E - a +2 cloak
 M - the +0 pair of gloves of the Onion (worn) {rElec Str+8 Stlth-}
   (Okawaru gifted it to you on level 11 of the Dungeon)

   It affects your strength (+8).
   It insulates you from electricity.
   It makes you less stealthy.
 O - +9 gold dragon scales (worn)
 P - the +2 robe "Beunn" {Int+4, unknown}
   (You found it in a bailey)

   It affects your intelligence (+4).
 Q - the +2 cloak of the Thief {+Fog Slay-2 SInv Stlth+}
   (You found it in a bailey)

   It affects your accuracy and damage with ranged weapons and melee attacks
   (-2).
   It lets you see invisible.
   It makes you more stealthy.
Jewellery
 g - an amulet of the acrobat (around neck)
 y - an uncursed amulet of faith {unknown}
 I - a ring of poison resistance (left hand)
 L - a cursed amulet of inaccuracy {unknown}
Wands
 p - a wand of digging (6)
 x - a wand of iceblast (6)
 F - a wand of flame (24)
 G - a wand of paralysis (10)
Scrolls
 b - 3 scrolls of fog
 d - 6 scrolls of fear
 l - 5 scrolls of teleportation
 m - 3 scrolls of remove curse
 u - 2 scrolls of blinking
 w - 3 scrolls of amnesia
 B - a scroll of vulnerability
 D - 5 scrolls of identify
Potions
 e - 2 potions of agility
 h - a potion of haste {unknown}
 j - 2 potions of magic {unknown}
 o - 2 potions of heal wounds {unknown}
 q - a potion of cancellation {unknown}
 t - 2 potions of brilliance {unknown}
 v - 6 potions of curing
 z - a potion of mutation {unknown}
 A - 3 potions of degeneration {unknown}
 K - a potion of flight {unknown}
 N - 2 potions of lignification {unknown}
Comestibles
 f - 19 rations
 i - a chunk of flesh


   Skills:
 + Level 9.2(14.2) Fighting
 + Level 11.9(16.9) Axes
 + Level 8.0(13.0) Armour
 + Level 2.4(7.4) Dodging
 + Level 0.8(5.8) Stealth
 + Level 8.3(13.3) Shields
 + Level 1.1 Invocations


You had 11 spell levels left.
You didn't know any spells.
Your spell library contained the following spells:

 Spells                   Type           Power        Failure   Level  Hunger
 Animate Skeleton         Necr           N/A          100%        1    ##.....
 Flame Tongue             Conj/Fire      #....        100%        1    ##.....
 Infusion                 Chrm           #...         100%        1    ##.....
 Pain                     Necr           #...         100%        1    ##.....
 Shock                    Conj/Air       #...         100%        1    ##.....
 Shroud of Golubria       Chrm/Tloc      #.........   100%        2    ###....
 Song of Slaying          Chrm           #.......     100%        2    ###....
 Swiftness                Chrm/Air       #.......     100%        2    ###....
 Throw Flame              Conj/Fire      #.....       100%        2    ###....
 Conjure Flame            Conj/Fire      #.......     100%        3    ####...
 Inner Flame              Hex/Fire       #.......     100%        3    ####...
 Regeneration             Chrm/Necr      #.........   100%        3    ####...
 Spectral Weapon          Hex/Chrm       #.......     100%        3    ####...
 Static Discharge         Conj/Air       #.......     100%        3    ####...
 Vampiric Draining        Necr           #.........   100%        3    ####...
 Airstrike                Air            #.........   100%        4    #####..
 Animate Dead             Necr           N/A          100%        4    #####..
 Sticky Flame             Conj/Fire      #.......     100%        4    #####..
 Fireball                 Conj/Fire      #.........   100%        5    ######.
 Lightning Bolt           Conj/Air       #.........   100%        5    ######.


Dungeon Overview and Level Annotations

Branches:
Dungeon (12/15)            Temple (1/1) D:6            Lair (0/6) D:10
    Orc (0/2) D:11

Altars:
Ashenzari
Cheibriados
Dithmenos
Elyvilon
Fedhas
Gozag
Hepliaklqana
Kikubaaqudgha
Makhleb
Nemelex Xobeh
Okawaru
Qazlal
Ru
Sif Muna
Trog
Uskayaw
Vehumet
Wu Jian
Xom
Yredelemnul
Zin
The Shining One
Beogh

Shops:
D:6 :

Annotations:
D:9 2 transporters, poirepourri's ghost, novice MiFi
D:10 2 runed translucent doors
D:12 Snorg


Innate Abilities, Weirdness & Mutations

You have a pair of antennae on your head.
You are completely covered in iridescent scales. (AC +6)
You are partially covered in sharp spines.
When hurt, damage is shared between your health and your magic reserves.
You regenerate magic rapidly.


Message History

Snorg is struck by your spines. Snorg bites you but does no damage.
Snorg claws you but does no damage. x2; You block Snorg's attack. x2
Snorg claws you!
* * * LOW HITPOINT WARNING * * *
You closely miss Snorg.
Snorg is severely wounded.
Snorg bites you but does no damage. You block Snorg's attack. Snorg claws you!
* * * LOW HITPOINT WARNING * * *
You slash Snorg!
Snorg is severely wounded.
Snorg barely misses you. You block Snorg's attack. Snorg barely misses you.
You closely miss Snorg.
Snorg is severely wounded.
You block Snorg's attack. Snorg claws you!
* * * LOW HITPOINT WARNING * * *
Snorg barely misses you.
You slash Snorg!
Snorg is severely wounded.
Snorg bites you!
You die...

..#..############.##
.............#..<#.
.............#...#.
#..........#...#.
######....#..####...#.
#....#................
#....#................
#....#....#######.....
#...T@..........#>..^.
######......รท...#.....
#...............#.....
#...............#.....
#...............#.....
#...........[...#.....
#....#######....#.....
#....#..........#.....
#....#..........#####.


You could see Snorg (berserk).

Vanquished Creatures
  2 two-headed ogres
  A manticore (D:11)
  2 ugly things (D:10)
  An oklob plant (D:10)
  A komodo dragon (D:11)
  A troll (D:10)
  6 slime creatures (D:11)
  A hippogriff (D:10)
  20 yaks
  A wyvern (D:11)
  A human (D:8)
  2 hungry ghosts
  4 water moccasins
  Duvessa (D:6)
  7 orc warriors
  3 sky beasts
  3 black bears
  3 ice beasts
  4 phantoms
  Purgy (Sewer)
  2 eyes of draining
  7 ogres
  6 centaurs
  3 crocodiles
  A big kobold (D:9)
  9 bullfrogs
  Dowan (D:6)
  A water moccasin zombie (D:10)
  A wyvern skeleton (D:9)
  2 scorpions
  8 wights
  A howler monkey (D:5)
  2 bullfrog zombies
  4 crimson imps
  7 orc priests
  7 hounds
  10 orc wizards
  3 centaur skeletons
  6 jellies
  Crazy Yiuf (D:6)
  3 iguanas
  14 worker ants
  2 killer bee zombies
  A hound zombie (D:10)
  A hound skeleton (D:4)
  A worker ant zombie (D:3)
  8 gnolls
  19 adders
  A howler monkey skeleton (D:5)
  2 shadow imps
  An ooze (D:3)
  An adder skeleton (D:6)
  6 worms
  4 dart slugs
  7 leopard geckos
  57 orcs
  8 giant cockroaches
  10 goblins
  5 hobgoblins
  19 jackals
  6 quokkas
  2 ball pythons
  7 bats
  9 frilled lizards
  A jackal skeleton (D:8)
  10 kobolds
  A leopard gecko skeleton (D:5)
  8 rats
361 creatures vanquished.

Notes
Turn   | Place    | Note
-------+----------+-------------------------------------------
     0 | D:1      | galech the Demonspawn Fighter began the quest for the Orb.
     0 | D:1      | Reached XP level 1. HP: 18/18 MP: 1/1
   355 | D:1      | Gained mutation: You have a pair of small antennae on your
                  | head. [demonic ancestry]
   355 | D:1      | Reached XP level 2. HP: 23/24 MP: 2/2
  1068 | D:2      | Reached skill level 2 in Axes
  1068 | D:2      | Gained mutation: You are partially covered in iridescent
                  | scales. (AC +2) [demonic ancestry]
  1068 | D:2      | Reached XP level 3. HP: 22/29 MP: 3/3
  1455 | D:2      | Reached XP level 4. HP: 28/35 MP: 4/4
  1952 | D:3      | Reached skill level 1 in Dodging
  2009 | D:3      | Found a glowing drain.
  2018 | D:3      | Reached skill level 3 in Axes
  2028 | Sewer    | Entered a sewer
  2088 | Sewer    | Noticed Purgy
  2100 | Sewer    | Killed Purgy
  2100 | Sewer    | Gained mutation: You are mostly covered in iridescent
                  | scales. (AC +4) [demonic ancestry]
  2100 | Sewer    | Reached XP level 5. HP: 29/41 MP: 5/5
  2743 | D:2      | Found a blossoming altar of Fedhas.
  3119 | D:3      | Found a faded altar of an unknown god.
  3321 | D:4      | Noticed an ogre
  3332 | D:4      | Killed an ogre
  3332 | D:4      | Reached skill level 4 in Axes
  3332 | D:4      | Gained mutation: You are completely covered in iridescent
                  | scales. (AC +6) [demonic ancestry]
  3332 | D:4      | Reached XP level 6. HP: 39/48 MP: 6/6
  3582 | D:4      | Gained mutation: You are partially covered in sharp spines.
                  | [demonic ancestry]
  3582 | D:4      | Reached XP level 7. HP: 47/53 MP: 7/7
  3634 | D:4      | Reached skill level 5 in Axes
  3874 | D:5      | Entered Level 5 of the Dungeon
  4022 | D:5      | Gained mutation: You have a pair of antennae on your head.
                  | [demonic ancestry]
  4022 | D:5      | Reached XP level 8. HP: 61/61 MP: 8/8
  4493 | D:5      | Reached skill level 6 in Axes
  4751 | D:6      | Found the +6 lightning scales {run, rElec}
  4792 | D:6      | Reached skill level 5 in Armour
  5047 | D:6      | Found a staircase to the Ecumenical Temple.
  5069 | Temple   | Entered the Ecumenical Temple
  5181 | Temple   | Became a worshipper of Warmaster Okawaru
  5232 | D:6      | Found Volanyfa's Book Emporium.
  5482 | D:6      | Noticed Duvessa
  5483 | D:6      | Noticed Dowan
  5488 | D:6      | Reached skill level 5 in Fighting
  5491 | D:6      | Killed Duvessa
  5491 | D:6      | Reached skill level 7 in Axes
  5499 | D:6      | Reached * piety under Okawaru
  5501 | D:6      | Killed Dowan
  5706 | D:6      | Reached skill level 5 in Shields
  5706 | D:6      | Reached XP level 9. HP: 66/68 MP: 9/9
  6214 | D:6      | Found a runed translucent door.
  6215 | D:6      | Noticed Crazy Yiuf
  6222 | D:6      | Killed Crazy Yiuf
  6442 | D:7      | Reached ** piety under Okawaru
  6442 | D:7      | Reached skill level 8 in Axes
  6629 | D:7      | Found an ancient bone altar of Kikubaaqudgha.
  7060 | D:8      | Found a white marble altar of Elyvilon.
  7296 | D:8      | Reached *** piety under Okawaru
  7340 | D:8      | Found a shimmering altar of Xom.
  7396 | D:8      | Gained mutation: When hurt, damage is shared between your
                  | health and your magic reserves. [demonic ancestry]
  7396 | D:8      | Reached XP level 10. HP: 77/77 MP: 10/10
  7710 | D:9      | Noticed a two-headed ogre
  7715 | D:9      | Reached skill level 9 in Axes
  7726 | D:9      | Killed a two-headed ogre
  8124 | D:9      | Noticed poirepourri's ghost (novice MiFi)
  8133 | D:9      | Found a transporter.
  8294 | D:9      | Reached **** piety under Okawaru
  8532 | D:9      | Found a transporter.
  8943 | D:10     | Entered Level 10 of the Dungeon
  9008 | D:10     | Noticed a white ugly thing
  9017 | D:10     | Killed a white ugly thing
  9017 | D:10     | Reached ***** piety under Okawaru
  9017 | D:10     | Reached skill level 10 in Axes
  9316 | D:10     | Gained mutation: You regenerate magic rapidly. [demonic
                  | ancestry]
  9316 | D:10     | Reached XP level 11. HP: 57/86 MP: 6/11
  9541 | D:10     | Found a shadowy altar of Dithmenos.
  9608 | D:10     | Found a runed translucent door.
  9608 | D:10     | Noticed an ice dragon
  9608 | D:10     | Noticed a fire dragon
  9609 | D:10     | Found the +2 shield of Resistance {rF+ rC+ MR+}
  9609 | D:10     | Noticed an ice dragon
  9610 | D:10     | Found a runed translucent door.
  9610 | D:10     | Noticed a fire dragon
  9818 | D:10     | Noticed a green ugly thing
  9830 | D:10     | Killed a green ugly thing
  9983 | D:10     | Noticed an oklob plant
  9987 | D:10     | Found a staircase to the Lair.
  9996 | D:10     | Killed an oklob plant
 10554 | D:11     | Received a gift from Okawaru
 10624 | D:11     | Found a staircase to the Orcish Mines.
 10631 | D:11     | Found a roughly hewn altar of Beogh.
 10643 | D:11     | Reached skill level 11 in Axes
 10755 | D:11     | Reached ****** piety under Okawaru
 10846 | D:11     | Noticed a two-headed ogre
 10850 | D:11     | Killed a two-headed ogre
 10850 | D:11     | Received a gift from Okawaru
 10854 | D:11     | Got a pair of warped gloves {god gift}
 10865 | D:11     | Identified the +0 pair of gloves of the Onion {rElec Str+8
                  | Stlth-} (Okawaru gifted it to you on level 11 of the
                  | Dungeon)
 10896 | D:11     | Found a sacrificial altar of Ru.
 11042 | D:11     | Found a flagged portal.
 11108 | Bailey   | Entered a bailey
 11395 | Bailey   | Noticed an orc knight
 11550 | Bailey   | Found the +2 cloak of the Thief {+Fog Slay-2 SInv Stlth+}
 11565 | Bailey   | Got a twisted robe
 11729 | D:11     | Reached XP level 12. HP: 78/95 MP: 8/12
 11734 | D:11     | Reached skill level 1 in Invocations
 11953 | D:12     | Noticed Snorg
 11973 | D:12     | Slain by Snorg

Vault maps used:
D:1:      dpeg_arrival_connections, serial_forest,
          infiniplex_forest_clump_diagonal, infiniplex_forest_lined_room_,
          infiniplex_forest_clump_medium, infiniplex_forest_clump_double,
          infiniplex_forest_clump_long, infiniplex_forest_end_3,
          minmay_misc_feat_pillars, wander_ebering_terrifying_dragon_lair
D:2:      lemuel_upstairs_altar
D:3:      chequers_ecumenical_altar_twisty, gup_sewer_entry_glass
D:5:      first_ration
D:6:      minmay_temple_entry_drinking_statues, serial_shops, shop,
          kennysheep_generic_room_3, uniq_duvessa, uniq_crazy_yiuf_cottage
D:7:      kiku_gazebo_pond_becter
D:8:      minmay_inner_zag, basic_altar, grunt_pizzeria, elyvilon_altar_4
D:9:      gammafunk_ghost_stat_death, minmay_bent
D:10:     dpeg_oklobed_lair, basic_altar, minmay_guarded_unrand_resistance
D:11:     minmay_orc_entry_temple_small, enter_bailey_3,
          nicolae_ru_the_path_less_chosen
D:12:     nicolae_alphabet_shops, minmay_beelzebubs_servants, uniq_snorg
Temple:   kilobyte_greek_temple
Sewer:    sewer_co_purgy_island
Bailey:   bailey_polearm_1, bailey

Skill      XL: |  1  2  3  4  5  6  7  8  9 10 11 12 |
---------------+-------------------------------------+-----
Armour         | 3 4 5 6 7 8 |  8.0
Axes           | 2 3 4 5 7 8 10 11 | 11.9
Shields        | 3 4 5 6 7 8 |  8.3
Dodging        | 1 2 |  2.4
Fighting       | 4 5 6 8 9 |  9.2
Invocations    | 1 |  1.1
Stealth        | |  0.8

Action                   |  1- 3 |  4- 6 |  7- 9 | 10-12 || total
-------------------------+-------+-------+-------+-------++-------
Melee: War axe           |   119 |   201 |   337 |   461 ||  1118
Invok: Heroism           |       |       |     1 |    12 ||    13
  Use: Scroll            |       |     4 |     6 |    11 ||    21
       Potion            |       |     1 |       |     1 ||     2
  Eat: Chunk             |     2 |     7 |    13 |    14 ||    36
       Ration            |       |       |       |     1 ||     1
Armor: Scale mail        |    45 |    90 |       |       ||   135
       Plate armour      |       |    35 |   199 |   202 ||   436
       Gold dragon scale |       |       |       |    29 ||    29
Dodge: Dodged            |    43 |    60 |    67 |   148 ||   318
Block: Shield            |    45 |   110 |   217 |   338 ||   710

Table legend:
 A = Non-vault XP
 B = Vault XP
 C = Vault XP percentage of total XP
 D = Non-vault monster count
 E = Vault monster count
 F = Vault count percentage of total count
                 A         B        C        D         E       F
            +---------+---------+-------+---------+---------+-------
      Total |   19629 |    2975 |  13.2 |     310 |      51 |  14.1
            +---------+---------+-------+---------+---------+-------
        D:1 |      20 |       1 |   4.8 |      11 |       1 |   8.3
        D:2 |     116 |       0 |   0.0 |      32 |       0 |   0.0
        D:3 |      81 |      18 |  18.2 |      19 |       3 |  13.6
        D:4 |     640 |       0 |   0.0 |      21 |       0 |   0.0
        D:5 |     729 |       0 |   0.0 |      18 |       0 |   0.0
        D:6 |    1539 |     260 |  14.5 |      39 |       3 |   7.1
        D:7 |     741 |       0 |   0.0 |      15 |       0 |   0.0
        D:8 |    1217 |     422 |  25.7 |      18 |       7 |  28.0
        D:9 |    2858 |    1169 |  29.0 |      58 |       5 |   7.9
       D:10 |    4633 |     542 |  10.5 |      35 |       1 |   2.8
       D:11 |    6811 |     139 |   2.0 |      41 |      10 |  19.6
       D:12 |     244 |       0 |   0.0 |       3 |       0 |   0.0
      Sewer |       0 |     130 | 100.0 |       0 |       7 | 100.0
     Bailey |       0 |     294 | 100.0 |       0 |      14 | 100.0
            +---------+---------+-------+---------+---------+-------
